Map: Frozen Temple

Players

Miszu

  • Race: Terran Terran
  • League: Master

FeaR - Winner!

  • Race: Protoss Protoss
  • League: Grandmaster

VOD

Have the link to the VOD?

Description

Time

  • Played on: May 9, 2016, 3:28 p.m.
  • Length: 4:22
Show
View Real Time Build Order
Export as new Build Order

Miszu Terran 

Build Orders:  

Get SALT Encoding   

  12  0:01  SCV  
  13  0:13  SCV  
  14  0:18  Supply Depot  
  14  0:25  SCV  
  15  0:40  SCV  
  15  0:42  Barracks  
  16  0:52  SCV  
  17  1:04  SCV  
  18  1:15  Command Center  
  18  1:30  Marine, Orbital Command  
  19  1:42  Barracks  
  19  1:48  Marine  
  19  1:50  Supply Depot  
  20  1:56  SCV  
  21  2:03  Barracks  
  21  2:08  Marine, SCV  
  23  2:20  SCV  
  24  2:24  Refinery  
  24  2:26  Refinery  
  24  2:27  Orbital Command  
  24  2:30  Marine  
  24  2:33  Marine  
  26  2:39  SCV  
  27  2:49  Marine x2  
  31  2:51  SCV  
  31  2:52  SCV  
  32  3:03  SCV  
  32  3:04  SCV  
  34  3:07  Supply Depot, Marine  
  34  3:08  Barracks Tech Lab  
  34  3:09  Marine  
  35  3:15  SCV  
  35  3:17  SCV  
  37  3:24  Marine  
  37  3:26  Marine  
  38  3:27  SCV  
  38  3:29  SCV  
  38  3:30  Supply Depot  
  38  3:31  Marine  
  42  3:39  SCV  
  42  3:41  SCV  
  44  3:42  Marine  
  44  3:44  Marine  
  46  3:51  Marine, SCV  
  46  3:53  Supply Depot, SCV  
  49  3:58  Factory  
  49  4:00  Marine  
  50  4:04  SCV  
  50  4:05  SCV  
Show
View Real Time Build Order
Export as new Build Order

FeaR Protoss - Winner!

Build Orders: 1 Gate Expand, Oracle Opening 

Get SALT Encoding   

  12  0:02  Probe (Chrono Boost)  
  13  0:12  Probe (Chrono Boost)  
  14  0:18  Pylon  
  14  0:23  Probe (Chrono Boost)  
  15  0:36  Gateway, Probe (Chrono Boost)  
  16  0:43  Assimilator  
  16  0:47  Probe (Chrono Boost)  
  17  0:57  Probe (Chrono Boost)  
  18  1:08  Probe (Chrono Boost)  
  19  1:18  Probe (Chrono Boost)  
  19  1:24  Nexus  
  20  1:29  Probe (Chrono Boost)  
  22  1:40  Probe (Chrono Boost)  
  22  1:42  Cybernetics Core  
  22  1:48  Assimilator  
  22  1:55  Pylon  
  22  1:57  Probe (Chrono Boost)  
  23  2:13  Probe (Chrono Boost)  
  24  2:18  Adept (Chrono Boost)  
  24  2:20  Stargate  
  26  2:24  Probe  
  26  2:26  Warp Gate  
  27  2:35  Probe  
  27  2:36  Probe  
  28  2:42  Adept (Chrono Boost)  
  31  2:46  Probe  
  31  2:48  Probe  
  33  2:57  Probe  
  34  3:00  Probe  
  34  3:02  Adept (Chrono Boost)  
  34  3:04  Oracle (Chrono Boost)  
  38  3:09  Probe  
  42  3:12  Probe  
  42  3:16  Pylon  
  42  3:21  Probe (Chrono Boost)  
  42  3:25  Probe (Chrono Boost)  
  44  3:28  Gateway  
  44  3:29  Gateway  
  44  3:33  Probe (Chrono Boost)  
  45  3:36  Probe (Chrono Boost)  
  46  3:44  Probe (Chrono Boost)  
  46  3:47  Mothership Core (Chrono Boost)  
  49  3:52  Nexus  
  50  3:55  Probe (Chrono Boost)  
  50  4:05  Probe (Chrono Boost)  
  50  4:06  Probe (Chrono Boost)  
Tags
 
Add a new tag
Caveats
  • Supply blocks, unpowered buildings, or Contaminate may cause inaccurate times.
  • Supply counts are checked every 10 seconds.